 Dungeon Crawl Stone Soup version 0.25-a0-1017-g8a05a4c (webtiles) character file.

Game seed: 13050766054604290493, levelgen mode: deterministic

537 Illumine the Caller (level 7, 0/51 HPs)
             Began as a Gnoll Summoner on May 12, 2020.
             Was an Initiate of Sif Muna.
             Slain by an ice beast (7 damage)
             ... on level 5 of the Dungeon.
             The game lasted 00:07:44 (4112 turns).

Illumine the Caller (Gnoll Summoner)                Turns: 4112, Time: 00:07:45

Health: 0/51       AC:  3    Str: 10    XL:     7   Next: 25%
Magic:  9/15       EV: 15    Int: 20    God:    Sif Muna [......]
Gold:   238        SH:  0    Dex: 15    Spells: 4/17 levels left

rFire    . . .     SeeInvis .   k - +1 quarterstaff (speed)
rCold    + . .     Gourm    .   (shield currently unavailable)
rNeg     . . .     Faith    .   a - +0 robe
rPois    .         Spirit   .   (no helmet)
rElec    .         Reflect  .   (no cloak)
rCorr    .         Harm     .   n - +0 pair of gloves (curse)
MR       .....                  (no boots)
Stlth    +++.......             (no amulet)
HPRegen  0.17/turn              x - ring of protection from cold
MPRegen  0.14/turn              (no ring)

@: no status effects
A: distributed training, fangs 1, strong nose
a: Renounce Religion


You were on level 5 of the Dungeon.
You worshipped Sif Muna.
Sif Muna was noncommittal.
You were not hungry.

You visited 2 branches of the dungeon, and saw 6 of its levels.

You collected 238 gold pieces.

Inventory:

Hand Weapons
 e - a +1 dagger of venom
 j - a cursed -1 mace
 k - a +1 quarterstaff of speed (weapon)
Missiles
 f - 166 stones (quivered)
Armour
 a - a +0 robe (worn)
 n - a cursed +0 pair of gloves (worn)
 q - the cursed +0 leather armour of Resilience {Stlth+}
   (You found it on level 4 of the Dungeon)

   It makes you more stealthy.
   It has a curse placed upon it.
 y - the cursed +0 scale mail of Zasorpheng {Str+9, unknown}
   (You found it on level 5 of the Dungeon)

   It affects your strength (+9).
   It has a curse placed upon it.
Jewellery
 x - a ring of protection from cold (left hand)
Wands
 r - a wand of clouds (7)
 t - a wand of polymorph (1)
Scrolls
 b - a scroll of fog {unknown}
 d - a scroll of enchant armour {unknown}
 h - 2 scrolls of blinking {unknown}
 i - a scroll of teleportation {unknown}
 u - 2 scrolls of magic mapping {unknown}
 v - a scroll of remove curse {unknown}
 w - a scroll of immolation {unknown}
Potions
 g - a potion of haste {unknown}
 l - 2 potions of flight {unknown}
 m - a potion of invisibility {unknown}
 o - a potion of heal wounds
 p - 2 potions of curing {unknown}
 s - a potion of berserk rage {unknown}
 z - a potion of cancellation {unknown}
 A - a potion of might {unknown}
Comestibles
 c - 7 rations


   Skills:
 + Level 2.3 Fighting
 + Level 2.3 Short Blades
 + Level 2.3 Long Blades
 + Level 2.3 Axes
 + Level 2.3 Maces & Flails
 + Level 2.3 Polearms
 + Level 2.3 Staves
 + Level 2.3 Slings
 + Level 2.3 Bows
 + Level 2.3 Crossbows
 + Level 2.3 Throwing
 + Level 2.3 Armour
 + Level 5.1 Dodging
 + Level 4.8 Stealth
 + Level 2.3 Shields
 + Level 2.3 Unarmed Combat
 + Level 5.5 Spellcasting
 + Level 1.9 Conjurations
 + Level 1.9 Hexes
 + Level 1.9 Charms
 + Level 7.4 Summonings
 + Level 1.9 Necromancy
 + Level 1.9 Translocations
 + Level 1.9 Transmutations
 + Level 1.9 Fire Magic
 + Level 1.9 Ice Magic
 + Level 1.9 Air Magic
 + Level 1.9 Earth Magic
 + Level 1.9 Poison Magic
 + Level 2.5 Invocations
 + Level 2.3 Evocations


You had 4 spell levels left.
You knew the following spells:

 Your Spells              Type           Power        Failure   Level  Hunger
a - Summon Small Mammal   Summ           ####         1%          1    None
b - Call Imp              Summ           #####...     1%          2    None
c - Call Canine Familiar  Summ           #####...     1%          3    ##.....
d - Summon Guardian Gole  Hex/Summ       ###.....     4%          3    ##.....
e - Summon Lightning Spi  Summ/Air       ###.....     16%         4    ####...

Your spell library contained the following spells:

 Spells                   Type           Power        Failure   Level  Hunger
 Summon Ice Beast         Ice/Summ       ###.....     16%         4    ####...


Dungeon Overview and Level Annotations

Branches:
Dungeon (5/15)             Temple (1/1) D:5

Altars:
Ashenzari
Cheibriados
Dithmenos
Fedhas
Hepliaklqana
Kikubaaqudgha
Makhleb
Nemelex Xobeh
Okawaru
Qazlal
Sif Muna
Trog
Uskayaw
Vehumet
Wu Jian
Xom
Yredelemnul
Zin
The Shining One

Shops:
D:4 %

Annotations:
D:2 Sigmund


Innate Abilities, Weirdness & Mutations

Your experience applies equally to all skills.
You have very sharp teeth.
Your uncanny sense of smell can sniff out nearby items.


Message History

The ice beast freezes you. You resist.
* * * LOW HITPOINT WARNING * * *
The crimson imp closely misses you. The rat misses you.
The white imp gestures at you. The puff of frost misses you.
The puff of frost hits Eustachio.
You hit Eustachio.
You kill Eustachio!
Sif Muna accepts your kill.
The white imp disappears in a puff of smoke!
The river rat disappears in a puff of smoke!
The bat disappears in a puff of smoke!
The rat disappears in a puff of smoke!
The river rat disappears in a puff of smoke!
The iron imp disappears in a puff of smoke!
The crimson imp disappears in a puff of smoke!
You hit the ice beast. Your bite misses the ice beast.
The ice beast is lightly wounded.
The ice beast hits you.
* * * LOW HITPOINT WARNING * * *
The ice beast freezes you! You resist.
You die...

.......##.# #.###.#.# #........#
#.##....# #####(#### #.#.....#
##'## #.##....# ##.(.## #.......#
##.....## ### # #####.###
##..)....## ###.##.# #.#.##
##.....[...###..h§..########....#
.'.........+...§@§§..............
##.........###§85Y###########...#
##.......## #§#.## #..##
##.....## #.### #.## ##...## #.#
#.# ##'## #.# #.# #.# #.# #.# #.#
#.# ... ##.#######.#


You could see an ice beast, a friendly guardian golem (summoned), a friendly
hound (summoned, sheltered) and a friendly crimson imp (summoned, sheltered).

Vanquished Creatures
  Eustachio (D:5)
  A centaur (D:5)
  A crimson imp (D:5)
  A bullfrog zombie (D:5)
  An ooze (D:3)
  A dart slug (D:1)
  A leopard gecko (D:1)
  An orc (D:3)
  4 bats
  4 giant cockroaches
  2 goblins
  4 hobgoblins
  A jackal (D:3)
  5 kobolds
  3 quokkas
  A ball python (D:2)
  4 frilled lizards
  A leopard gecko skeleton (D:4)
  8 rats
  A butterfly (D:5)
46 creatures vanquished.

Vanquished Creatures (collateral kills)
  Duvessa (D:4)
  A phantom (D:5)
  A centaur (D:5)
  Dowan (D:4)
  2 bullfrog skeletons (D:5)
  4 adders
  A worm (D:2)
  A bat (D:2)
  2 goblins
  2 hobgoblins
  2 jackals (D:3)
  2 kobolds (D:1)
  A rat (D:1)
21 creatures vanquished.

Vanquished Creatures (others)
  A draconian (D:1)
  2 octopodes (D:1)
  A vine stalker (D:1)
  A troll (D:1)
  A formicid (D:1)
  A spriggan (D:1)
  A vampire (D:1)
  A human (D:1)
  A naga (D:1)
  A dwarf (D:1)
  An ogre (D:1)
  A centaur (D:1)
  2 kobolds (D:1)
  4 tentacles (D:1)
19 creatures vanquished.

Grand Total: 86 creatures vanquished

Notes
Turn   | Place    | Note
-------+----------+-------------------------------------------
     0 | D:1      | Illumine the Gnoll Summoner began the quest for the Orb.
     0 | D:1      | Reached XP level 1. HP: 13/13 MP: 6/6
     2 | D:1      | Noticed a draconian
     2 | D:1      | Noticed an octopode
     2 | D:1      | Noticed a formicid
     2 | D:1      | Noticed a spriggan
     2 | D:1      | Noticed a vampire
     2 | D:1      | Noticed a dwarf
     2 | D:1      | Noticed a kraken
     2 | D:1      | Noticed a troll
     2 | D:1      | Noticed a human
     2 | D:1      | Noticed an octopode
     2 | D:1      | Noticed a vine stalker
     2 | D:1      | Noticed an ogre
     2 | D:1      | Noticed a centaur
     2 | D:1      | Noticed a naga
     4 | D:1      | Killed an ogre
     6 | D:1      | Killed a centaur
     7 | D:1      | Killed a human
     7 | D:1      | Killed an octopode
     8 | D:1      | Killed an octopode
     9 | D:1      | Killed a vine stalker
    11 | D:1      | Killed a spriggan
    11 | D:1      | Killed a draconian
    12 | D:1      | Killed a formicid
    12 | D:1      | Killed a dwarf
    12 | D:1      | Killed a troll
    13 | D:1      | Killed a vampire
    14 | D:1      | Killed a naga
   283 | D:1      | Reached XP level 2. HP: 17/19 MP: 4/7
   304 | D:1      | Learned a level 2 spell: Call Imp
   967 | D:2      | Reached XP level 3. HP: 25/25 MP: 9/9
  1082 | D:2      | Reached skill level 5 in Spellcasting
  1098 | D:2      | Noticed Sigmund
  1170 | D:2      | Reached skill level 1 in Invocations
  1504 | D:3      | Found a sparkling altar of Nemelex Xobeh.
  1531 | D:3      | Reached skill level 1 in Fighting
  1531 | D:3      | Reached skill level 1 in Short Blades
  1531 | D:3      | Reached skill level 1 in Long Blades
  1531 | D:3      | Reached skill level 1 in Axes
  1531 | D:3      | Reached skill level 1 in Maces & Flails
  1531 | D:3      | Reached skill level 1 in Polearms
  1531 | D:3      | Reached skill level 1 in Staves
  1531 | D:3      | Reached skill level 1 in Slings
  1531 | D:3      | Reached skill level 1 in Bows
  1531 | D:3      | Reached skill level 1 in Crossbows
  1531 | D:3      | Reached skill level 1 in Throwing
  1531 | D:3      | Reached skill level 1 in Armour
  1531 | D:3      | Reached skill level 1 in Shields
  1531 | D:3      | Reached skill level 1 in Unarmed Combat
  1531 | D:3      | Reached skill level 1 in Evocations
  1711 | D:3      | Reached XP level 4. HP: 32/32 MP: 8/11
  2235 | D:4      | Got a jacinth-studded leather armour
  2324 | D:4      | Identified the cursed +0 leather armour of Resilience
                  | {Stlth+} (You found it on level 4 of the Dungeon)
  2334 | D:4      | Learned a level 3 spell: Call Canine Familiar
  2338 | D:4      | Learned a level 3 spell: Summon Guardian Golem
  2343 | D:4      | Learned a level 4 spell: Summon Lightning Spire
  2350 | D:4      | Found Era Oquq's Food Emporium.
  2380 | D:4      | Found a burning altar of Makhleb.
  2383 | D:4      | Found a hazy altar of Hepliaklqana.
  2387 | D:4      | Found a glowing golden altar of the Shining One.
  2388 | D:4      | Found an ornate altar of the Wu Jian Council.
  2388 | D:4      | Found a radiant altar of Vehumet.
  2388 | D:4      | Found a bloodstained altar of Trog.
  2392 | D:4      | Found an iron altar of Okawaru.
  2498 | D:4      | Noticed Dowan
  2498 | D:4      | Noticed Duvessa
  2515 | D:4      | Killed Duvessa
  2515 | D:4      | Reached skill level 1 in Conjurations
  2515 | D:4      | Reached skill level 1 in Hexes
  2515 | D:4      | Reached skill level 1 in Charms
  2515 | D:4      | Reached skill level 1 in Necromancy
  2515 | D:4      | Reached skill level 1 in Translocations
  2515 | D:4      | Reached skill level 1 in Transmutations
  2515 | D:4      | Reached skill level 1 in Fire Magic
  2515 | D:4      | Reached skill level 1 in Ice Magic
  2515 | D:4      | Reached skill level 1 in Air Magic
  2515 | D:4      | Reached skill level 1 in Earth Magic
  2515 | D:4      | Reached skill level 1 in Poison Magic
  2515 | D:4      | Reached XP level 5. HP: 27/37 MP: 9/12
  2518 | D:4      | Upgraded the game from 0.25-a0-1016-g8c1d203 to
                  | 0.25-a0-1017-g8a05a4c
  2524 | D:4      | Killed Dowan
  2873 | D:4      | Found a shadowy altar of Dithmenos.
  2964 | D:5      | Entered Level 5 of the Dungeon
  2968 | D:5      | Got a transparent scale mail
  3041 | D:5      | Noticed a hornet
  3317 | D:5      | Found a staircase to the Ecumenical Temple.
  3318 | D:5      | Noticed a centaur
  3333 | D:5      | Killed a centaur
  3333 | D:5      | Reached XP level 6. HP: 23/44 MP: 8/13
  3338 | Temple   | Entered the Ecumenical Temple
  3343 | Temple   | Became a worshipper of Sif Muna the Loreminder
  3565 | D:5      | Noticed a phantom
  3583 | D:5      | Killed a phantom
  3583 | D:5      | Reached skill level 5 in Dodging
  3897 | D:5      | Reached XP level 7. HP: 26/50 MP: 6/15
  4072 | D:5      | Noticed Eustachio
  4111 | D:5      | Killed Eustachio
  4112 | D:5      | Slain by an ice beast

Illustrated notes

Levels and vault maps discovered:
D:1:      nicolae_arrival_kraken_aquarium_b, layout_loops_ring
D:2:      layout_loops_ring, nicolae_overflow_crystal_walls, uniq_sigmund,
          uniq_natasha
D:3:      layout_basic, nemelex_xobeh_ov_fountains_minmay
D:4:      layout_basic, minitemple, serial_shops, shop, first_ration,
          nicolae_dithmenos_through_a_glass_darkly, uniq_duvessa
D:5:      layout_loops_corners, minmay_temple_entry_butterflies, st_stairs_12,
          uniq_eustachio
Temple:   minmay_freezing_vapour_temple

Skill      XL: |  1  2  3  4  5  6 |
---------------+-------------------+-----
Spellcasting   | 5 |  5.5
Invocations    | 1 2 |  2.5
Fighting       | 1 2 |  2.3
Short Blades   | 1 2 |  2.3
Long Blades    | 1 2 |  2.3
Axes           | 1 2 |  2.3
Maces & Flails | 1 2 |  2.3
Polearms       | 1 2 |  2.3
Staves         | 1 2 |  2.3
Slings         | 1 2 |  2.3
Bows           | 1 2 |  2.3
Crossbows      | 1 2 |  2.3
Throwing       | 1 2 |  2.3
Armour         | 1 2 |  2.3
Shields        | 1 2 |  2.3
Unarmed Combat | 1 2 |  2.3
Evocations     | 1 2 |  2.3
Conjurations   | 1 |  1.9
Hexes          | 1 |  1.9
Charms         | 1 |  1.9
Necromancy     | 1 |  1.9
Translocations | 1 |  1.9
Transmutations | 1 |  1.9
Fire Magic     | 1 |  1.9
Ice Magic      | 1 |  1.9
Air Magic      | 1 |  1.9
Earth Magic    | 1 |  1.9
Poison Magic   | 1 |  1.9
Dodging        | 5 |  5.1
Stealth        | |  4.8
Summonings     | |  7.4

Action                   |  1- 3 |  4- 6 |  7- 9 || total
-------------------------+-------+-------+-------++-------
Melee: Dagger            |    27 |       |       ||    27
       Quarterstaff      |    32 |    72 |    18 ||   122
       Bite              |     1 |     8 |     4 ||    13
 Cast: Summon Small Mamm |    10 |       |       ||    10
       Call Imp          |     8 |    14 |     1 ||    23
       Call Canine Famil |       |     5 |     1 ||     6
       Summon Guardian G |       |     1 |     1 ||     2
  Use: Scroll            |       |     2 |       ||     2
 Stab: Sleeping          |     7 |     9 |       ||    16
       Distracted        |       |       |     1 ||     1
  Eat: Chunk             |     2 |     6 |       ||     8
       Ration            |       |       |     1 ||     1
Armor: Robe              |     9 |     5 |     2 ||    16
Dodge: Dodged            |    34 |    49 |    20 ||   103

Table legend:
 A = Non-vault XP
 B = Vault XP
 C = Vault XP percentage of total XP
 D = Non-vault monster count
 E = Vault monster count
 F = Vault count percentage of total count
                 A         B        C        D         E       F
            +---------+---------+-------+---------+---------+-------
      Total |     512 |     256 |  33.3 |      63 |       3 |   4.5
            +---------+---------+-------+---------+---------+-------
        D:1 |      33 |       0 |   0.0 |      20 |       0 |   0.0
        D:2 |      41 |       0 |   0.0 |      14 |       0 |   0.0
        D:3 |      24 |       0 |   0.0 |      13 |       0 |   0.0
        D:4 |      19 |     110 |  85.3 |       8 |       2 |  20.0
        D:5 |     395 |     146 |  27.0 |       8 |       1 |  11.1
            +---------+---------+-------+---------+---------+-------
